 Dungeon Crawl Stone Soup version 0.27-a0-1456-gf5a116941d (webtiles) character file.

Game seed: 4343363086823858902

18249 tsouns the Spear-Bearer (level 12, -3/85 HPs)
             Began as an Octopode Fighter on July 7, 2021.
             Was an Initiate of Gozag.
             Slain by a wraith (8 damage)
             ... on level 10 of the Dungeon.
             The game lasted 00:45:51 (21878 turns).

tsouns the Spear-Bearer (Octopode Fighter)         Turns: 21878, Time: 00:45:52

Health: -3/85      AC:  2    Str: 16    XL:     12   Next: 56%
Magic:  33/39      EV: 34    Int: 23    God:    Gozag
Gold:   1844       SH:  8    Dex: 12    Spells: 9/23 levels left

rFire    . . .     SeeInvis .   a - +3 trident
rCold    . . .     Faith    .   t - +2 buckler
rNeg     . . .     Spirit   .   y - +1 hat
rPois    .         Reflect  .   e - amulet of the acrobat
rElec    .         Harm     .   k - ring of magical power
rCorr    .         Rampage  .   h - +4 ring of evasion
Will     ++...                  g - ring of magical power
Stlth    ++++......             l - +6 ring of intelligence
HPRegen  0.24/turn              m - ring of the Mage {Wiz Will++ Int+3}
MPRegen  0.26/turn              (no ring)
                                (no ring)
                                (no ring)

@: gold aura, acrobatic, slowed, very slow
A: almost no armour, amphibious, 8 rings, camouflage 1, gelatinous body 1,
(nimble swimmer 1), tentacles
a: Renounce Religion, Potion Petition, Call Merchant, Bribe Branch


You were on level 10 of the Dungeon.
You worshipped Gozag.
Gozag was most pleased with you.
You visited 3 branches of the dungeon, and saw 15 of its levels.

You collected 2245 gold pieces.
You paid 401 gold pieces to Gozag.

Inventory:

Hand Weapons
 a - a +3 trident (weapon)
Missiles
 c - 3 javelins (quivered)
 f - 142 bolts
 r - 39 poisoned darts
 s - 3 throwing nets
Armour
 b - a +1 kite shield
 t - a +2 buckler (worn)
 y - a +1 hat (worn)
Jewellery
 e - an amulet of the acrobat (around mantle)
 g - a ring of magical power (on tentacle)
 h - a +4 ring of evasion (right tentacle)
 k - a ring of magical power (left tentacle)
 l - a +6 ring of intelligence (on tentacle)
 m - the ring of the Mage (on tentacle) {Wiz Will++ Int+3}
   (You acquired it on level 1 of the Lair of Beasts)

   [ring of wizardry]

   It improves your spell success rate.
   Int:       It affects your intelligence (+3).
   Will:      It greatly increases your willpower.
 u - an amulet of regeneration
Wands
 d - a wand of flame (21)
 n - a wand of digging (11)
 o - a wand of polymorph (6)
 w - a wand of mindburst (10)
Scrolls
 q - a scroll of amnesia
 v - a scroll of enchant armour
 x - a scroll of teleportation
Potions
 j - 4 potions of mutation
 z - 2 potions of flight
 A - a potion of curing
 C - a potion of magic


   Skills:
 + Level 9.3 Fighting
 + Level 10.5 Polearms
 + Level 7.4 Dodging
 - Level 6.1 Stealth
 + Level 9.3 Shields
 - Level 6.2 Spellcasting
 * Level 5.5 Summonings
 - Level 4.4 Poison Magic


You had 9 spell levels left.
You knew the following spells:

 Your Spells              Type           Power      Damage    Failure   Level
a - Ensorcelled Hibernat  Hex/Ice        14%        N/A       5%          2
b - Confusing Touch       Hex            7%         N/A       11%         3
c - Poisonous Vapours     Pois/Air       34%        N/A       1%          2
d - Sting                 Tmut/Pois      68%        1d6       1%          1
e - Shadow Creatures      Summ           N/A        N/A       45%         6

Your spell library contained the following spells:

 Spells                   Type           Power      Damage    Failure   Level
 Summon Small Mammal      Summ           100%       N/A       1%          1
 Call Canine Familiar     Summ           32%        N/A       1%          3
 Corona                   Hex            7%         N/A       3%          1
 Summon Guardian Golem    Hex/Summ       19%        N/A       3%          3
 Spider Form              Tmut/Pois      8%         N/A       4%          3
 Slow                     Hex            7%         N/A       5%          2
 Sublimation of Blood     Necr           3%         N/A       5%          2
 Wereblood                Tmut           7%         N/A       5%          2
 Olgreb's Toxic Radiance  Pois           27%        N/A       5%          4
 Ignite Poison            Fire/Tmut/Pois 14%        N/A       6%          3
 Mephitic Cloud           Conj/Pois/Air  14%        N/A       6%          3
 Dazzling Flash           Conj/Hex       14%        N/A       11%         3
 Tukima's Dance           Hex            7%         N/A       11%         3
 Vampiric Draining        Necr           3%         2d6       11%         3
 Iskenderun's Mystic Bla  Conj/Tloc      7%         2d4       32%         4
 Bolt of Magma            Conj/Fire/Erth 3%         4d5       65%         5
 Summon Hydra             Summ           16%        N/A       94%         7
 Starburst                Conj/Fire      3%         8x6d3     99%         6
 Malign Gateway           Summ/Tloc      9%         N/A       100%        7
 Summon Horrible Things   Summ           16%        N/A       100%        8


Dungeon Overview and Level Annotations

Branches:
Dungeon (11/15)            Temple (1/1) D:5            Lair (3/6) D:10
 Spider (0/4) Lair:2          Orc (0/2) D:11
  Swamp: Lair:2-4    Shoals: Lair:2-4

Altars:
Ashenzari
Cheibriados
Dithmenos
Fedhas
Gozag
Hepliaklqana
Kikubaaqudgha
Makhleb
Nemelex Xobeh
Okawaru
Qazlal
Ru
Sif Muna
Trog
Uskayaw
Vehumet
Wu Jian
Xom
Yredelemnul
Zin
The Shining One

Annotations:
D:4 Edmund
D:7 3 runed translucent doors, ipx's ghost, novice DEFE
Lair:1 exclusion: oklob plant
Lair:2 exclusion: oklob plant


Innate Abilities, Weirdness & Mutations

You cannot wear most types of armour.
You are amphibious.
You can wear up to eight rings at the same time.
Your skin changes colour to match your surroundings (Stealth+).
Your rubbery body absorbs attacks. (AC +1, EV +1)
((You are camouflaged near water. (Stealth+)))
You have tentacles for arms and can constrict up to eight enemies at once.


Message History

The boulder beetle looks as sick as possible!
Casting: Poisonous Vapours (safe; 1% risk of failure)
Confirm with . or Enter, or press ? or * to list all spells.
Aiming: Poisonous Vapours (safe; 1% risk of failure)
Press: ? - help, Dir - move target, f/p - boulder beetle
Aim: a boulder beetle (heavily wounded, rolling, extremely poisoned) Poisonous vapours surround the boulder beetle!
The boulder beetle looks as sick as possible!
You block the boulder beetle's attack.
The boulder beetle stops rolling and uncurls.
You hit the boulder beetle. Your squeeze misses the boulder beetle.
The boulder beetle is almost dead.
The boulder beetle bites you!
You hit the boulder beetle but do no damage.
The boulder beetle is almost dead.
The boulder beetle bites you!
* * * LOW HITPOINT WARNING * * *
You hit the boulder beetle but do no damage.
You squeeze the boulder beetle, but do no damage.
The boulder beetle is almost dead.
You hit the boulder beetle but do no damage.
The boulder beetle is almost dead.
You kill the boulder beetle!
You block the wraith's attack. The wraith hits you!
* * * LOW HITPOINT WARNING * * *
The wraith drains your vigour!
You feel yourself slow down.
You climb upwards.
There is a stone staircase leading down here.
The wraith misses you. The wraith completely misses you.
You see here a +0 flail.
You open the door. The wraith completely misses you. The wraith hits you!
* * * LOW HITPOINT WARNING * * *
The wraith drains your vigour!
You feel as though you will be slow longer.
There is an open door here.
The wraith hits you!
You die...
Your body crumbles into a pile of gold.

#....# #.......... #....#
#.......... #....#
#.......... #....#
#.......... #....#
#..........
#....####..........
#.......'..........
###.....###..........
#>).@................
#)#W....≈≈#......#.##
#.'....≈≈≈≈..........
###....≈≈≈≈≈.##......
#######....≈≈≈≈≈≈##...<##
#.....##≈≈≈≈≈≈≈≈≈##....≈#
#.....#≈≈≈≈≈≈≈≈≈≈#.......
#.....#≈≈≈≈≈≈≈≈≈≈.....###
#.....#≈≈≈≈≈≈≈≈≈≈#.#...≈.


You could see a wraith.

Vanquished Creatures
  A hydra (Lair:2)
  3 boulder beetles
  A two-headed ogre (D:10)
  A deep troll earth mage (D:10)
  Nergalle (Lair:2)
  Pikel (D:8)
  An orb spider (Lair:2)
  4 black mambas
  4 cane toads
  5 komodo dragons
  3 rime drakes
  2 trolls (D:10)
  A hornet (D:9)
  3 wraiths (D:10)
  Eustachio (D:6)
  12 yaks
  Sigmund (D:5)
  A basilisk (Lair:1)
  3 wyverns
  2 steam dragons
  A vampire mosquito (D:7)
  An acid dragon (D:10)
  5 water moccasins
  3 hornet zombies
  4 orc warriors
  An ice beast (D:7)
  A sky beast (D:6)
  7 centaurs
  A lemure (D:8)
  A kobold brigand (D:10)
  5 bullfrogs
  Blork the orc (D:5)
  A gnoll sergeant (D:9)
  A water moccasin zombie (D:6)
  3 scorpions
  5 killer bees
  9 electric eels
  4 howler monkeys
  4 orc priests
  3 hounds
  3 jellies
  A gnoll shaman (D:9)
  4 iguanas
  4 orc wizards
  A hound skeleton (D:5)
  A howler monkey zombie (D:9)
  A howler monkey skeleton (D:4)
  7 adders
  10 gnolls
  A shadow imp (D:7)
  2 worms
  3 dart slugs
  20 orcs
  4 ball pythons
  4 bats
  7 endoplasms
  5 giant cockroaches
  8 hobgoblins
  6 jackals (D:1)
  10 kobolds
  4 quokkas
  2 frilled lizards
  7 goblins
  4 rats
231 creatures vanquished.

Vanquished Creatures (collateral kills)
  A yak (D:8)
1 creature vanquished.

Vanquished Creatures (others)
  2 fungi
  36 plants
38 creatures vanquished.

Grand Total: 270 creatures vanquished

Notes
Turn   | Place    | Note
-------+----------+-------------------------------------------
     0 | D:1      | tsouns the Octopode Fighter began the quest for the Orb.
     0 | D:1      | Reached XP level 1. HP: 16/16 MP: 1/1
   123 | D:1      | Reached XP level 2. HP: 21/21 MP: 2/2
   289 | D:1      | Found a faded altar of an unknown god.
   291 | D:1      | Became a worshipper of Ru the Awakened
   376 | D:1      | Reached XP level 3. HP: 25/26 MP: 3/3
  1166 | D:2      | Reached skill level 3 in Polearms
  1240 | D:2      | Reached XP level 4. HP: 31/31 MP: 4/4
  1246 | D:2      | Found a hide-covered altar of Uskayaw.
  1540 | D:2      | Learned a level 2 spell: Ensorcelled Hibernation
  3117 | D:4      | Reached XP level 5. HP: 35/37 MP: 6/6
  3177 | D:4      | Reached skill level 1 in Spellcasting
  3590 | D:4      | Reached XP level 6. HP: 35/43 MP: 8/8
  4161 | D:5      | Entered Level 5 of the Dungeon
  4251 | D:5      | Found a staircase to the Ecumenical Temple.
  4258 | Temple   | Entered the Ecumenical Temple
  4372 | Temple   | Fell from the grace of Ru
  4372 | Temple   | Became a worshipper of Gozag Ym Sagoz the Greedy
  4457 | D:5      | Identified the +1 scale mail of Uresae {rPois Str+4}
  4683 | D:5      | Noticed a water moccasin
  4688 | D:5      | Killed a water moccasin
  4689 | D:5      | Reached skill level 4 in Polearms
  4778 | D:5      | Noticed Blork the orc
  4789 | D:5      | Killed Blork the orc
  4790 | D:5      | Reached XP level 7. HP: 39/49 MP: 10/10
  4980 | D:5      | Noticed Edmund
  5608 | D:5      | Noticed Sigmund
  5617 | D:5      | Killed Sigmund
  5812 | D:5      | Learned a level 3 spell: Confusing Touch
  6009 | D:5      | Reached skill level 5 in Fighting
  6009 | D:5      | Reached skill level 5 in Shields
  6216 | D:6      | Reached skill level 5 in Polearms
  6216 | D:6      | Reached XP level 8. HP: 47/55 MP: 12/12
  6293 | D:5      | Found a shadowy altar of Dithmenos.
  6861 | D:6      | Noticed Eustachio
  6875 | D:6      | Killed Eustachio
  7612 | D:7      | Found a runed translucent gate.
  7671 | D:7      | Found a runed translucent gate.
  7672 | D:7      | Found a runed translucent gate.
  7673 | D:7      | Noticed ipx's ghost (novice DEFE)
  7675 | D:7      | Noticed a kobold demonologist
  8085 | D:7      | Reached skill level 6 in Polearms
  8254 | D:7      | HP: 2/57 [ice beast (7)]
  8259 | D:7      | Reached XP level 9. HP: 2/62 MP: 15/15
  9332 | D:7      | Reached skill level 5 in Spellcasting
 10225 | D:8      | Noticed Pikel
 10235 | D:8      | Killed Pikel
 10236 | D:8      | Reached skill level 7 in Polearms
 11426 | D:8      | Reached skill level 1 in Stealth
 11939 | D:9      | Reached XP level 10. HP: 60/71 MP: 17/17
 12356 | D:9      | Learned a level 2 spell: Poisonous Vapours
 12358 | D:9      | Learned a level 1 spell: Sting
 12391 | D:9      | Reached skill level 8 in Polearms
 12599 | D:9      | Reached skill level 1 in Poison Magic
 12830 | D:9      | Reached skill level 5 in Dodging
 13180 | D:10     | Entered Level 10 of the Dungeon
 15159 | D:10     | Found a staircase to the Lair.
 15660 | D:10     | Noticed a boulder beetle
 15696 | D:10     | HP: 3/72 [wraith (10)]
 16062 | D:10     | Killed a boulder beetle
 16063 | D:10     | Reached skill level 9 in Polearms
 16063 | D:10     | Reached XP level 11. HP: 65/77 MP: 19/19
 16169 | D:10     | Reached skill level 5 in Stealth
 16194 | D:10     | Noticed a two-headed ogre
 16204 | D:10     | Noticed a deep troll earth mage
 16215 | D:10     | Noticed a boulder beetle
 16260 | D:10     | Killed a deep troll earth mage
 16267 | D:10     | Killed a boulder beetle
 16698 | D:10     | Killed a two-headed ogre
 16930 | Lair:1   | Entered Level 1 of the Lair of Beasts
 17525 | Lair:1   | Identified a scroll of acquirement
 17525 | Lair:1   | Acquired the ring of the Mage {Wiz Will++ Int+3}
 17526 | Lair:1   | Found the ring of the Mage {Wiz Will++ Int+3}
 17537 | D:10     | Learned a level 6 spell: Shadow Creatures
 17702 | Lair:1   | Reached skill level 1 in Summonings
 18252 | Lair:1   | Reached skill level 10 in Polearms
 18608 | Lair:1   | Noticed an oklob plant
 19048 | Lair:2   | Reached XP level 12. HP: 84/84 MP: 21/21
 20173 | Lair:2   | Noticed a four-headed hydra
 20196 | Lair:2   | Killed a four-headed hydra
 20463 | Lair:2   | Found a hole to the Spider Nest.
 20702 | Lair:2   | Noticed Nergalle
 20733 | Lair:2   | Killed Nergalle
 20734 | Lair:2   | Reached skill level 5 in Summonings
 21300 | Lair:3   | Noticed a seven-headed hydra
 21469 | D:11     | Noticed a two-headed ogre
 21472 | D:11     | Noticed a boulder beetle
 21871 | D:11     | Killed a boulder beetle
 21878 | D:10     | Slain by a wraith

Illustrated notes

Levels and vault maps discovered:
D:1:      sevenhm_arrival_forest_fort_small_3, layout_loops_ring,
          shapermc_ecumenical_altar_venn
D:2:      layout_loops_cross, basic_altar, minmay_misc_feat_columns,
          kennysheep_doodads
D:3:      layout_basic, minivault_24
D:4:      layout_cave_pods, mrwooster_statue_mirror
D:5:      layout_basic, nicolae_overflow_hidden_temple,
          minmay_temple_entry_tees, uniq_edmund, uniq_blork_the_orc,
          uniq_sigmund
D:6:      layout_rooms, uniq_eustachio
D:7:      layout_loops_corners, gammafunk_ghost_nasty_kobolds,
          kennysheep_generic_room_7
D:8:      layout_loops_cross, minmay_chambers_of_fives, uniq_pikel
D:9:      layout_grid_maze
D:10:     layout_basic, dpeg_oklobed_lair, evilmike_minifort
D:11:     layout_long_grid, orc_0_dummy
Temple:   regret_index_temple_sigil_plot
Lair:1:   layout_misc_corridors, chequers_serial_rivers_micro_b,
          dpeg_stationary_puzzle, grunt_megastairs_3, minmay_lair_oklob_chamber,
          serial_bayou_shore_b
Lair:2:   minmay_lair_oklob_tunnel, layout_long_grid,
          nicolae_spider_entry_orb_guardian, uniq_nergalle
Lair:3:   layout_cave_pods, nicolae_swamp_entry_splash_gauntlet,
          serial_bayou_shore_b, grunt_megastairs_4, infiniplex_staircase_pool_2,
          serial_bayou_shore_b

Skill      XL: |  1  2  3  4  5  6  7  8  9 10 11 12 |
---------------+-------------------------------------+-----
Polearms       | 3 4 5 6 7 9 10 | 10.5
Spellcasting   | 1 2 3 4 5 6 |  6.2
Shields        | 4 5 6 7 8 9 |  9.3
Fighting       | 4 5 6 7 8 9 |  9.3
Dodging        | 4 5 6 7 |  7.4
Stealth        | 1 4 6 |  6.1
Poison Magic   | 3 4 |  4.4
Summonings     | 3 5 |  5.5

Action                   |  1- 3 |  4- 6 |  7- 9 | 10-12 || total
-------------------------+-------+-------+-------+-------++-------
Melee: Trident           |    66 |   114 |   319 |   445 ||   944
       Constrict         |     9 |    25 |    34 |    34 ||   102
       Tentacles         |     4 |    11 |    62 |    84 ||   161
Throw: Javelin           |       |       |     4 |     2 ||     6
       Throwing net      |       |       |     1 |       ||     1
 Cast: Poisonous Vapours |       |       |       |   233 ||   233
       Sting             |       |       |       |     9 ||     9
       Ensorcelled Hiber |       |       |       |    20 ||    20
       Confusing Touch   |       |       |       |     5 ||     5
Invok: Potion Petition   |       |       |     1 |       ||     1
Evoke: Wand              |       |       |       |     1 ||     1
  Use: Scroll            |     3 |     5 |     7 |     8 ||    23
       Potion            |     2 |     1 |    10 |     5 ||    18
 Stab: Sleeping          |     9 |    11 |     7 |     8 ||    35
       Distracted        |       |       |       |     3 ||     3
       Confused          |       |       |       |     2 ||     2
Armor: Skin              |     4 |     4 |    27 |     2 ||    37
Dodge: Dodged            |    21 |    39 |   149 |   256 ||   465
Block: Kite shield       |    15 |    28 |    54 |       ||    97
       Buckler           |       |       |    54 |   111 ||   165

Table legend: (Time is in decaauts)
 A = Elapsed time spent in this place.
 B = Non-inter-level travel time spent in this place.
 C = Inter-level travel time spent in this place.
 D = Time resting spent in this place.
 E = Time spent auto-exploring this place.
 F = Levels seen in this place.
 G = Mean time per level.
                   A        B        C        D        E       F      G
               +--------+--------+--------+--------+--------+-----+--------+
         Total |  21911 |  21377 |    534 |    679 |  17058 |  15 | 1460.7 |
       Dungeon |  18125 |  17657 |    468 |    679 |  13961 |  11 | 1647.7 |
        Temple |    125 |    115 |     10 |      0 |     95 |   1 |  125.0 |
          Lair |   3660 |   3605 |     55 |      0 |   3002 |   3 | 1220.0 |
               +--------+--------+--------+--------+--------+-----+--------+

Top non-repeatable levels by time:
    D:10: 4338 daAuts
     D:7: 2269 daAuts
     D:9: 2194 daAuts
     D:8: 2157 daAuts
     D:5: 2051 daAuts
  Lair:2: 2044 daAuts
  Lair:1: 1503 daAuts
     D:4: 1222 daAuts
     D:2: 1220 daAuts
     D:1: 923 daAuts
     D:3: 904 daAuts
     D:6: 740 daAuts
  Temple: 125 daAuts
  Lair:3: 113 daAuts
    D:11: 102 daAuts
